 Dungeon Crawl Stone Soup version 0.25-a0-576-g50b708a4c4 (webtiles) character file.

Game seed: 13333464209975669339, levelgen mode: deterministic

2559 ReteAZ the Carver (level 9, -3/70 HPs)
             Began as a Merfolk Gladiator on Mar 1, 2020.
             Was an Elder of Okawaru.
             Slain by Harold
             ... wielding a +2 dire flail of protection
              (19 damage)
             ... on level 8 of the Dungeon.
             The game lasted 00:12:15 (7881 turns).

ReteAZ the Carver (Merfolk Gladiator)               Turns: 7881, Time: 00:12:15

Health: -3/70      AC: 11    Str: 13 (14) XL:     9   Next: 56%
Magic:  9/9        EV: 16    Int:  7 (9)  God:    Okawaru [****..]
Gold:   354        SH:  0    Dex: 14 (17) Spells: 8/8 levels left

rFire    . . .     SeeInvis .   a - +0 long sword
rCold    . . .     Gourm    .   (no shield)
rNeg     . . .     Faith    .   J - +0 acid dragon scales
rPois    .         Spirit   .   l - +2 helmet
rElec    .         Reflect  .   (no cloak)
rCorr    +         Harm     .   t - +0 pair of gloves
MR       .....                  p - +0 pair of boots (curse)
Stlth    +.........             (no amulet)
HPRegen  0.21/turn              (no ring)
MPRegen  0.11/turn              (no ring)

@: marked, starving
A: change form in water, swift swim, stealthy swim
a: Heroism, Renounce Religion


You were on level 8 of the Dungeon.
You worshipped Okawaru.
Okawaru was greatly pleased with you.
You were starving.

You visited 1 branch of the dungeon, and saw 8 of its levels.

You collected 354 gold pieces.

Inventory:

Hand Weapons
 a - a +0 long sword (weapon)
 c - a +1 glaive of flaming
Missiles
 d - a throwing net (quivered)
 L - 8 poisoned darts
 M - 4 silver boomerangs
Armour
 b - a +0 leather armour
 g - a +2 robe of positive energy
 l - a +2 helmet (worn)
 p - a cursed +0 pair of boots (worn)
 t - a +0 pair of gloves (worn)
 J - +0 acid dragon scales (worn)
Wands
 w - a wand of polymorph (7)
 F - a wand of enslavement (7)
 G - a wand of flame (17)
Scrolls
 e - 4 scrolls of blinking {unknown}
 h - a scroll of noise {unknown}
 j - 3 scrolls of random uselessness {unknown}
 k - 9 scrolls of teleportation {unknown}
 m - 7 scrolls of immolation {unknown}
 n - 4 scrolls of fear {unknown}
 o - a scroll of amnesia {unknown}
 q - 8 scrolls of remove curse {unknown}
 r - 13 scrolls of identify {unknown}
 u - 3 scrolls of magic mapping {unknown}
 x - a scroll of enchant weapon {unknown}
 y - 2 scrolls of fog {unknown}
Potions
 i - 2 potions of degeneration
 s - a potion of lignification {unknown}
 z - a potion of cancellation {unknown}
 A - 2 potions of heal wounds
 B - 2 potions of might {unknown}
 C - a potion of berserk rage {unknown}
 D - a potion of stabbing {unknown}
 E - a potion of invisibility {unknown}
 H - 2 potions of haste {unknown}
 K - a potion of curing {unknown}
Comestibles
 f - 14 rations


   Skills:
 + Level 6.3 Fighting
 * Level 10.8 Long Blades
 - Level 2.0 Throwing
 + Level 2.2 Armour
 + Level 8.2 Dodging


You had 8 spell levels left.
You didn't know any spells.
Your spell library contained the following spells:

 Spells                   Type           Power        Failure   Level  Hunger
 Summon Small Mammal      Summ           #...         56%         1    ##.....
 Call Imp                 Summ           #.......     71%         2    ###....
 Call Canine Familiar     Summ           #.......     90%         3    ####...
 Summon Guardian Golem    Hex/Summ       #.......     90%         3    ####...
 Summon Ice Beast         Ice/Summ       #.......     100%        4    #####..
 Summon Lightning Spire   Summ/Air       #.......     100%        4    #####..


Dungeon Overview and Level Annotations

Branches:
Dungeon (8/15)             Temple (0/1) D:5
   Lair: D:8-11

Altars:
Ashenzari
Cheibriados
Gozag
Kikubaaqudgha
Okawaru
Qazlal
Ru
Sif Muna
Trog
Uskayaw
Yredelemnul
Zin

Shops:
D:5 *

Annotations:
D:7 5 runed translucent doors
D:8 Harold


Message History

Press: ? - help, Shift-Dir - straight line, f/p - Harold
Aim: Harold, wielding a +2 dire flail of protection and wearing a +4 chain mail of poison resistance (almost dead)
The puff of flame hits Harold but does no damage.
Harold is almost dead.
Harold hits you but does no damage.
Evoke which item? (* to show all) (? for menu, Esc to quit)
Aiming: Throw Flame
Press: ? - help, Shift-Dir - straight line, f/p - Harold
Aim: Harold, wielding a +2 dire flail of protection and wearing a +4 chain mail of poison resistance (almost dead)
The puff of flame hits Harold but does no damage.
Harold is almost dead.
Harold barely misses you.
Evoke which item? (* to show all) (? for menu, Esc to quit)
Aiming: Throw Flame
Press: ? - help, Shift-Dir - straight line, f/p - Harold
Aim: Harold, wielding a +2 dire flail of protection and wearing a +4 chain mail of poison resistance (almost dead)
The puff of flame hits Harold but does no damage.
Harold is almost dead.
Harold hits you with a +2 dire flail of protection!!
You die...

#..........###....#
#....)............#
#..........####...#
#..........##.....#
##..#########.#.#.#
#..## ####.#.#.#
######)########........#
......).........#...####
###<###########@@..##
....## #.(.#..# #....#
#(#...##
#.#..########.#.###
#................####
##..#########.......#
......##........#####
#...#...........#
................#


You could see Harold.

Vanquished Creatures
  A centaur zombie (D:8)
  Maggie (D:7)
  An orc warrior (D:7)
  An ice beast (D:7)
  A sky beast (D:7)
  A necrophage (D:8)
  2 ogres
  A centaur (D:6)
  2 bullfrogs
  A wyvern skeleton (D:7)
  A scorpion (D:4)
  2 howler monkeys
  3 crimson imps
  2 centaur skeletons
  2 hounds
  A jelly (D:6)
  7 orc wizards
  3 bullfrog skeletons
  An orc priest (D:6)
  Jessica (D:3)
  3 iguanas
  3 worker ants
  A killer bee zombie (D:6)
  2 worker ant zombies
  6 adders
  5 gnolls
  A shadow imp (D:7)
  An ooze (D:2)
  2 worms
  3 dart slugs
  7 leopard geckos
  13 orcs
  3 ball pythons
  11 bats
  5 giant cockroaches
  2 gnoll zombies (D:5)
  6 goblins
  7 hobgoblins
  13 jackals
  9 kobolds
  2 quokkas
  10 frilled lizards
  A jackal skeleton (D:4)
  A leopard gecko zombie (D:6)
  A quokka zombie (D:6)
  10 rats
163 creatures vanquished.

Notes
Turn   | Place    | Note
-------+----------+-------------------------------------------
     0 | D:1      | ReteAZ the Merfolk Gladiator began the quest for the Orb.
     0 | D:1      | Reached XP level 1. HP: 16/16 MP: 1/1
    54 | D:1      | Reached XP level 2. HP: 19/22 MP: 2/2
    59 | D:1      | Reached skill level 4 in Long Blades
   380 | D:1      | Reached XP level 3. HP: 17/27 MP: 3/3
   726 | D:1      | Reached skill level 5 in Long Blades
  1073 | D:2      | Reached XP level 4. HP: 33/33 MP: 4/4
  1163 | D:2      | Found an iron altar of Okawaru.
  1207 | D:2      | Became a worshipper of Warmaster Okawaru
  1955 | D:3      | Reached skill level 6 in Long Blades
  2271 | D:3      | Noticed Jessica
  2272 | D:3      | Reached XP level 5. HP: 38/38 MP: 5/5
  2281 | D:3      | Killed Jessica
  2346 | D:3      | Found a shattered altar of Ashenzari.
  3102 | D:3      | Reached skill level 7 in Long Blades
  3380 | D:4      | Reached XP level 6. HP: 37/44 MP: 6/6
  3548 | D:4      | Found a shimmering blue altar of Sif Muna.
  3682 | D:4      | Reached skill level 8 in Long Blades
  3691 | D:4      | Reached XP level 7. HP: 30/50 MP: 7/7
  3826 | D:4      | Reached * piety under Okawaru
  3958 | D:5      | Entered Level 5 of the Dungeon
  4290 | D:5      | Found an ancient bone altar of Kikubaaqudgha.
  4310 | D:5      | Reached skill level 5 in Dodging
  4341 | D:5      | Found a stormy altar of Qazlal.
  4528 | D:5      | Found an opulent altar of Gozag.
  4564 | D:5      | Found a staircase to the Ecumenical Temple.
  4827 | D:5      | Found a glowing silver altar of Zin.
  4827 | D:5      | Found Zin's Purification Station.
  4948 | D:5      | Found a basalt altar of Yredelemnul.
  5375 | D:6      | Reached skill level 9 in Long Blades
  5375 | D:6      | Reached XP level 8. HP: 48/60 MP: 8/8
  5500 | D:6      | Found a sacrificial altar of Ru.
  5557 | D:6      | Found a sacrificial altar of Ru.
  5931 | D:6      | Found a hide-covered altar of Uskayaw.
  5990 | D:7      | Found a runed translucent gate.
  6019 | D:7      | Found a runed translucent gate.
  6025 | D:7      | Found a runed translucent gate.
  6025 | D:7      | Found a runed translucent door.
  6026 | D:7      | Found a snail-covered altar of Cheibriados.
  6032 | D:7      | Found the +9 staff of Olgreb {rPois∞}
  6041 | D:7      | Found a runed translucent door.
  6085 | D:7      | Reached ** piety under Okawaru
  6308 | D:7      | Reached skill level 5 in Fighting
  6708 | D:7      | Noticed Maggie
  6709 | D:7      | Found a bloodstained altar of Trog.
  6737 | D:7      | Killed Maggie
  6737 | D:7      | Reached skill level 10 in Long Blades
  6737 | D:7      | Reached skill level 1 in Armour
  6737 | D:7      | Reached XP level 9. HP: 20/69 MP: 9/9
  7196 | D:8      | Reached *** piety under Okawaru
  7300 | D:8      | Noticed Harold
  7759 | D:8      | Reached **** piety under Okawaru
  7881 | D:8      | Slain by Harold

Levels and vault maps discovered:
D:1:      minmay_arrival_radiant_lines, layout_basic
D:2:      layout_basic, okawaru_metal_pillars_1_2, first_ration,
          minmay_pentomino_s2
D:3:      layout_basic, evilmike_ruin_ashenzari, kennysheep_path_1,
          dk_noncrumbling_3, uniq_jessica
D:4:      layout_basic, nicolae_overflow_hidden_temple, minmay_statues_item,
          grunt_decor_cap, patterned_corridor
D:5:      layout_loops_corners, zin_purify, grunt_gozag_breadcrumbs,
          lemuel_zombie_altar_yredelemnul, kennysheep_little_box,
          minmay_temple_entry_slanted, nicolae_qazlal_general_emergency
D:6:      layout_loops_cross, lemuel_crystal_altar, lemuel_round_altar,
          minmay_fountain_box, corexii_shack, nicolae_ru_sacrificial_ziggurat
D:7:      layout_basic, lemuel_round_altar, lemuel_doored_altar,
          grunt_ogre_cave, minmay_guarded_unrand_staff_of_olgreb, uniq_maggie
D:8:      layout_rooms, lemuel_flamethrower_2, uniq_harold

Skill      XL: |  1  2  3  4  5  6  7  8  9 |
---------------+----------------------------+-----
Long Blades    | 4 5 6 7 8 9 10 | 10.8
Fighting       | 3 5 6 |  6.3
Dodging        | 5 7 8 |  8.2
Armour         | 1 2 |  2.2
Throwing       | |  2.0

Action                   |  1- 3 |  4- 6 |  7- 9 || total
-------------------------+-------+-------+-------++-------
Melee: Long sword        |   102 |   181 |   385 ||   668
Throw: Throwing net      |       |       |     9 ||     9
       Dart              |       |       |    25 ||    25
Evoke: Wand              |       |       |    22 ||    22
  Use: Potion            |       |       |     2 ||     2
 Stab: Sleeping          |     1 |     6 |     7 ||    14
       Held in net/web   |       |       |     9 ||     9
       Distracted        |       |       |     1 ||     1
  Eat: Chunk             |     1 |     8 |    12 ||    21
Armor: Leather armour    |    24 |    26 |       ||    50
       Robe              |       |    28 |    50 ||    78
       Acid dragon scale |       |       |    44 ||    44
Dodge: Dodged            |   101 |   120 |   247 ||   468
       Rpst.: Long sword |    35 |    38 |    70 ||   143

Table legend:
 A = Non-vault XP
 B = Vault XP
 C = Vault XP percentage of total XP
 D = Non-vault monster count
 E = Vault monster count
 F = Vault count percentage of total count
                 A         B        C        D         E       F
            +---------+---------+-------+---------+---------+-------
      Total |    3083 |     573 |  15.7 |     156 |       7 |   4.3
            +---------+---------+-------+---------+---------+-------
        D:1 |      79 |       0 |   0.0 |      35 |       0 |   0.0
        D:2 |      58 |       2 |   3.3 |      24 |       1 |   4.0
        D:3 |     121 |      37 |  23.4 |      25 |       1 |   3.8
        D:4 |     346 |       0 |   0.0 |      17 |       0 |   0.0
        D:5 |     388 |       4 |   1.0 |      19 |       2 |   9.5
        D:6 |     512 |       2 |   0.4 |      16 |       1 |   5.9
        D:7 |     561 |     528 |  48.5 |      10 |       2 |  16.7
        D:8 |    1018 |       0 |   0.0 |      10 |       0 |   0.0
            +---------+---------+-------+---------+---------+-------
